 Dungeon Crawl Stone Soup version 0.19-a0-1740-g0bcaf2e (webtiles) character file.

404 Amnesiac the Digger (level 6, 0/32 HPs)
             Began as a Deep Elf Earth Elementalist on Oct 2, 2016.
             Killed from afar by an orc wizard (8 damage)
             ... with a magic dart
             ... on level 4 of the Dungeon.
             The game lasted 00:05:25 (1705 turns).

Amnesiac the Digger (Deep Elf Earth Elementalist)   Turns: 1705, Time: 00:05:26

Health: 0/32       AC:  2    Str: 12    XL:     6   Next: 56%
Magic:  17/17      EV: 18    Int: 20    God:
Gold:   110        SH:  0    Dex: 22    Spells: 4 memorised, 5 levels left

rFire  . . .     SeeInvis .     b - 32 stones
rCold  . . .     Gourm    .     c - +0 robe
rNeg   . . .     Faith    .     (no shield)
rPois  .         Spirit   .     (no helmet)
rElec  .         Dismiss  .     (no cloak)
rCorr  .         Reflect  .     (no gloves)
MR     .....     Harm     .     (no boots)
Stlth  ++++......               (no amulet)
                                (no ring)
                                (no ring)

@: mighty, agile
A: strong 1
a: no special abilities


You were on level 4 of the Dungeon.
You were not hungry.

You visited 1 branch of the dungeon, and saw 4 of its levels.

You collected 110 gold pieces.

Inventory:

Hand Weapons
 f - a +2 whip of venom
 g - a +0 dagger
Missiles
 b - 32 stones (in hand)
Armour
 c - a +0 robe (worn)
Wands
 h - a wand of disintegration (14/24)
 r - a wand of random effects (11/48)
Scrolls
 j - a scroll of magic mapping {unknown}
 k - 2 scrolls of identify {unknown}
 l - 3 scrolls of remove curse
 p - a scroll of random uselessness {unknown}
Books
 e - a book of Geomancy

   Spells                             Type                      Level
   a - Sandblast                      Earth                        1
   b - Passwall                       Transmutation/Earth          2
   c - Stone Arrow                    Conjuration/Earth            3
   d - Petrify                        Transmutation/Earth          4
   e - Lee's Rapid Deconstruction     Earth                        5
 o - a book of Minor Magic

   Spells                             Type                      Level
   a - Magic Dart                     Conjuration                  1
   b - Blink                          Translocation                2
   c - Call Imp                       Summoning                    2
   d - Repel Missiles                 Charms/Air                   2
   e - Slow                           Hexes                        2
   f - Conjure Flame                  Conjuration/Fire             3
   g - Mephitic Cloud                 Conjuration/Poison/Air       3
Comestibles
 a - 3 chunks of flesh
 d - 2 bread rations


   Skills:
 - Level 2.4 Dodging
 - Level 2.4 Stealth
 + Level 6.2 Spellcasting
 - Level 1.1 Transmutations
 + Level 6.7 Earth Magic


You had 5 spell levels left.
You knew the following spells:

 Your Spells              Type           Power        Failure   Level  Hunger
a - Lee's Rapid Deconstr  Erth           ####......   21%         5    #####..
e - Petrify               Tmut/Erth      ###.....     21%         4    ####...
f - Sandblast             Erth           ####..       1%          1    None
v - Passwall              Tmut/Erth      ###.......   2%          2    None


Dungeon Overview and Level Annotations

Branches:
Dungeon (4/15)
 Temple: D:4-7

Altars:
Hepliaklqana
Nemelex Xobeh

Annotations:
D:3 Terence
D:4 Dowan, Duvessa, Edmund


Innate Abilities, Weirdness & Mutations

Your muscles are strong. (Str +2)


Message History

A puff of flame appears from out of thin air!
The puff of flame hits you!
* * * LOW HITPOINT WARNING * * *
Duvessa completely misses you. The orc barely misses you.
Something barely misses you. Duvessa barely misses you.
You're too confused to move!
The orc barely misses you. Duvessa misses you. Something closely misses you.
Dowan casts a spell.
Dowan blinks!
Unknown command.
You closely miss something.
You feel less invigorated.
You feel less confused.
Duvessa says, "My weaknesses are his strengths!"
Duvessa hits you with a short sword!
* * * LOW HITPOINT WARNING * * *
The orc barely misses you.
You hear some strange, mumbled words.
A magic dart appears from out of thin air!
The magic dart hits you!
You die...

..........#
..........##################
.....###'##...##..##.#.....#
.....#...............#.....#
.....#........e......#.....#
.....#.....†.........#.....#
.....'.........§o....#.....#
.....###########e##..#.....#
..........#...##@##..####'##
..........#...){o#........#
..........#......#........#
..........#......#........#
#'###.....#......#........#
....#.....#......#........#
....'.....#......#........#
....#.....#......#........#
....#.....#'###########...#


You could see Duvessa, Dowan and 2 orcs.

Vanquished Creatures
  Menkaure (D:4)
  3 orc wizards (D:4)
  An iguana (D:4)
  A worker ant (D:4)
  Natasha (D:3)
  4 adders
  4 gnolls (D:4)
  An ooze (D:3)
  An adder skeleton (D:4)
  A worm (D:3)
  2 leopard geckos (D:4)
  8 orcs
  2 giant cockroaches
  2 goblins
  3 hobgoblins (D:3)
  4 jackals (D:4)
  3 kobolds
  A bat (D:3)
  A rat (D:1)
44 creatures vanquished.

Notes
Turn   | Place    | Note
-------+----------+-------------------------------------------
     0 | D:1      | Amnesiac the Deep Elf Earth Elementalist began the quest for the Orb.
     0 | D:1      | Reached XP level 1. HP: 10/10 MP: 6/6
   168 | D:2      | Found a hazy altar of Hepliaklqana.
   243 | D:2      | Reached XP level 2. HP: 15/15 MP: 6/8
   355 | D:2      | Learned a level 2 spell: Passwall
   411 | D:3      | Noticed Terence
   416 | D:3      | Reached XP level 3. HP: 19/19 MP: 7/10
   426 | D:3      | Noticed Natasha
   428 | D:3      | Killed Natasha
   700 | D:3      | Reached XP level 4. HP: 24/24 MP: 4/12
   706 | D:3      | Learned a level 4 spell: Petrify
   849 | D:4      | Reached skill level 5 in Earth Magic
   909 | D:4      | Noticed Edmund
   954 | D:4      | Noticed Dowan
   956 | D:4      | Noticed Duvessa
   963 | D:4      | Noticed Menkaure
   970 | D:4      | Killed Menkaure
   970 | D:4      | Reached skill level 5 in Spellcasting
   970 | D:4      | Reached XP level 5. HP: 9/28 MP: 9/14
  1272 | D:4      | Found a sparkling altar of Nemelex Xobeh.
  1277 | D:4      | Reached XP level 6. HP: 32/32 MP: 13/16
  1687 | D:4      | Learned a level 5 spell: Lee's Rapid Deconstruction
  1699 | D:4      | Gained mutation: Your muscles are strong. (Str +2) [potion of beneficial mutation]
  1705 | D:4      | Killed from afar by an orc wizard

Vault maps used:
D:1:      saegor_arrival_simple_f
D:2:      lemuel_doored_altar, first_bread
D:3:      old_standard_altar, minmay_splitting_lines, minmay_misc_feat_rows,
          minmay_box_of_dots, uniq_natasha, uniq_terence
D:4:      nicolae_overflow_crystal_walls, uniq_edmund, uniq_menkaure,
          uniq_duvessa

Skill      XL: |  1  2  3  4  5  6 |
---------------+-------------------+-----
Earth Magic    | 4 6 |  6.7
Spellcasting   | 4 5 6 |  6.2
Dodging        | |  2.4
Stealth        | |  2.4
Transmutations | |  1.1

Action                   |  1- 3 |  4- 6 || total
-------------------------+-------+-------++-------
Melee: Whip              |     1 |       ||     1
Throw: Stone             |       |     1 ||     1
 Cast: Sandblast         |    35 |    52 ||    87
       Passwall          |     2 |       ||     2
  Use: Scroll            |       |     3 ||     3
       Potion            |       |     5 ||     5
  Eat: Chunk             |       |     2 ||     2
Armor: Robe              |     2 |     7 ||     9
Dodge: Dodged            |    12 |    39 ||    51
